 Dungeon Crawl Stone Soup version 0.24-a0-235-g3f03afc (webtiles) character file.

Game seed: 1376485048946944677

14081 RoseArtemis the Grappler (level 11, -9/165 HPs)
             Began as a Troll Berserker on Mar 20, 2019.
             Was a High Priest of Trog.
             Mangled by a six-headed hydra (13 damage)
             ... on level 1 of the Lair of Beasts on Apr 7, 2019.
             The game lasted 00:24:48 (11127 turns).

RoseArtemis the Grappler (Troll Berserker)         Turns: 11127, Time: 00:24:49

Health: -9/165     AC:  6    Str: 33    XL:     11   Next: 84%
Magic:  10/10      EV: 13    Int:  4    God:    Trog [*****.]
Gold:   964        SH:  0    Dex: 10    Spells: 10/10 levels left

rFire    + . .     SeeInvis .   b - +4 flail (holy)
rCold    . . .     Gourm    +   (no shield)
rNeg     + . .     Faith    .   B - +0 robe {rF+}
rPois    .         Spirit   .   (helmet restricted)
rElec    .         Reflect  .   (no cloak)
rCorr    .         Harm     .   (gloves unavailable)
MR       ++...                  (boots unavailable)
Stlth    ..........             d - amulet of the acrobat
HPRegen  1.77/turn              t - ring of positive energy
MPRegen  0.12/turn              (no ring)

@: berserking, regenerating, very quick
A: large, unfitting armour, claws 3, fast metabolism 3, gourmand, regeneration
1, shaggy fur 1, tough skin 3
a: Berserk, Trog's Hand, Brothers in Arms, Renounce Religion


You were on level 1 of the Lair of Beasts.
You worshipped Trog.
Trog was extremely pleased with you.
You were very full.

You visited 3 branches of the dungeon, and saw 13 of its levels.

You collected 964 gold pieces.

Inventory:

Hand Weapons
 b - a +4 flail of holy wrath (weapon)
Armour
 B - a +0 robe of fire resistance (worn)
Jewellery
 d - an amulet of the acrobat (around neck)
 t - a ring of positive energy (left claw)
Wands
 k - a wand of iceblast (24)
 q - a wand of scattershot (5)
 r - a wand of flame (18)
 v - a wand of random effects (17)
 y - a wand of acid (7)
 A - a wand of digging (7)
 E - a wand of clouds (6)
 J - a wand of paralysis (4)
Scrolls
 e - a scroll of immolation
 f - a scroll of magic mapping
 g - 5 scrolls of remove curse
 j - a scroll of enchant weapon
 u - a scroll of holy word {unknown}
 w - 5 scrolls of teleportation
 x - 4 scrolls of identify
 z - a scroll of blinking {unknown}
 F - a scroll of random uselessness {unknown}
 G - a scroll of fear
 H - 2 scrolls of torment {unknown}
 K - a scroll of enchant armour {unknown}
Potions
 a - a potion of mutation {unknown}
 h - 12 potions of curing
 i - 7 potions of heal wounds
 l - 4 potions of might
 m - 2 potions of flight
 n - 2 potions of degeneration
 o - a potion of lignification
 p - 2 potions of magic
 s - 4 potions of haste
 C - a potion of invisibility {unknown}
 D - a potion of brilliance {unknown}
Comestibles
 c - 26 rations
 I - 8 chunks of flesh


   Skills:
 + Level 7.7 Fighting
 * Level 6.8 Maces & Flails
   Level 2.8 Polearms
 + Level 1.0 Armour
 + Level 7.7 Dodging
 + Level 12.4 Unarmed Combat


You had 10 spell levels left.
You didn't know any spells.
Your spell library was empty.

Dungeon Overview and Level Annotations

Branches:
Dungeon (11/15)            Temple (1/1) D:7            Lair (1/6) D:11
    Orc (0/2) D:9

Altars:
Ashenzari
Cheibriados
Dithmenos
Elyvilon
Fedhas
Gozag
Hepliaklqana
Kikubaaqudgha
Makhleb
Nemelex Xobeh
Okawaru
Qazlal
Ru
Sif Muna
Trog
Uskayaw
Vehumet
Wu Jian
Xom
Yredelemnul
Zin
The Shining One
Beogh

Shops:
D:6 (

Annotations:
D:2 1 runed translucent door, Crazy Yiuf


Innate Abilities, Weirdness & Mutations

You are too large for most types of armour.
You have claws for hands.
Your metabolism is lightning-fast.
You like to eat raw meat.
Your natural rate of healing is unusually fast.
You are covered in fur. (AC +1)
You have extremely tough skin. (AC +3)


Message History

The six-headed hydra bites you.
* * * LOW HITPOINT WARNING * * *
The six-headed hydra bites you.
* * * LOW HITPOINT WARNING * * *
Your skin crawls.
You feel resistant to hostile enchantments.
The six-headed hydra bites you!
* * * LOW HITPOINT WARNING * * *
The six-headed hydra misses you. The six-headed hydra bites you!
* * * LOW HITPOINT WARNING * * *
The six-headed hydra bites you!
* * * LOW HITPOINT WARNING * * *
The six-headed hydra closely misses you.
The six-headed hydra bites you but does no damage.
A red film seems to cover your vision as you go berserk!
You feel yourself moving faster!
You feel mighty!
You feel a lot less full. The six-headed hydra bites you.
* * * LOW HITPOINT WARNING * * *
The six-headed hydra bites you!
You die...

....... ......#....
.#......# .....#....
.........# ##...#....
.........# #....#....
..P......#######....#....
....................####
###......................
.........................
........@................
.........D.........>.....
........##.#####.........
.####...###.####.........
#....##....##....###..
#..........#.....+P...
........##....##....P....
........#......#....#....
...##...##.....'....#....


You could see a six-headed hydra.

Vanquished Creatures
  2 two-headed ogres
  Pikel (D:8)
  2 cyclopes (D:11)
  2 black mambas (Lair:1)
  Joseph (D:7)
  Maurice (D:9)
  A spiny frog (Lair:1)
  A komodo dragon (D:11)
  A troll (D:11)
  A hornet (D:10)
  6 hippogriffs
  Sigmund (D:2)
  A wraith (D:10)
  4 yaks (D:11)
  A human (D:10)
  Grum (D:9)
  A hungry ghost (D:7)
  Edmund (D:5)
  Menkaure (D:5)
  A porcupine (D:11)
  Duvessa (D:7)
  2 water moccasins
  4 sky beasts
  3 black bears
  2 ice beasts (D:9)
  An eye of draining (D:9)
  5 orc warriors
  A necrophage (D:7)
  3 phantoms
  7 wolves
  An ogre (D:7)
  2 centaurs (D:5)
  2 big kobolds
  2 elf zombies (D:9)
  Blork the orc (D:5)
  4 bullfrogs
  Dowan (D:7)
  An elf skeleton (D:9)
  A wyvern zombie (D:10)
  A troll zombie (D:9)
  7 scorpions
  3 killer bees (D:7)
  9 wights
  2 howler monkeys
  2 crimson imps
  3 centaur zombies
  4 human zombies (D:9)
  3 bullfrog zombies
  9 orc priests
  3 hounds
  2 human skeletons (D:9)
  Ijyb (D:5)
  2 worker ants
  2 iguanas
  6 orc wizards
  A hound zombie (D:6)
  A hound skeleton (D:7)
  Robin (D:2)
  A worker ant zombie (D:11)
  3 gnolls (D:4)
  A howler monkey zombie (D:7)
  12 adders
  4 shadow imps
  An ooze (D:5)
  3 dart slugs
  4 leopard geckos
  44 orcs
  4 giant cockroaches
  4 hobgoblins
  5 jackals
  14 kobolds
  7 quokkas
  2 ball pythons
  5 bats
  6 frilled lizards
  14 goblins
  A goblin skeleton (D:8)
  A goblin zombie (D:8)
  2 hobgoblin zombies (D:8)
  4 kobold skeletons (D:8)
  3 kobold zombies (D:8)
  2 orc zombies
  A quokka zombie (D:9)
  7 rats
292 creatures vanquished.

Vanquished Creatures (others)
  A sky beast (D:6)
  A slave (D:8)
2 creatures vanquished.

Grand Total: 294 creatures vanquished

Notes
Turn   | Place    | Note
-------+----------+-------------------------------------------
     0 | D:1      | RoseArtemis the Troll Berserker began the quest for the
                  | Orb.
     0 | D:1      | Reached XP level 1. HP: 22/22 MP: 0/0
   353 | D:1      | Reached XP level 2. HP: 26/29 MP: 1/1
  1006 | D:2      | Reached XP level 3. HP: 28/36 MP: 2/2
  1368 | D:2      | Noticed Sigmund
  1374 | D:2      | Killed Sigmund
  1374 | D:2      | Reached skill level 5 in Unarmed Combat
  1374 | D:2      | Reached XP level 4. HP: 40/45 MP: 3/3
  1374 | D:2      | Reached XP level 5. HP: 47/53 MP: 4/4
  1642 | D:2      | Noticed Robin
  1662 | D:2      | Reached ** piety under Trog
  1673 | D:2      | Killed Robin
  1769 | D:2      | Found a runed translucent door.
  1770 | D:2      | Noticed Crazy Yiuf
  1896 | D:3      | Found a roughly hewn altar of Beogh.
  1906 | D:3      | Reached XP level 6. HP: 26/61 MP: 5/5
  2065 | D:3      | Found a hide-covered altar of Uskayaw.
  2066 | D:3      | Found a snail-covered altar of Cheibriados.
  2066 | D:3      | Found a shadowy altar of Dithmenos.
  2070 | D:3      | Found a white marble altar of Elyvilon.
  2369 | D:3      | Found a radiant altar of Vehumet.
  2540 | D:3      | Found a glowing golden altar of the Shining One.
  2669 | D:4      | Reached skill level 1 in Polearms
  2888 | D:4      | Reached *** piety under Trog
  2888 | D:4      | Reached XP level 7. HP: 62/68 MP: 6/6
  3086 | D:4      | Reached skill level 6 in Unarmed Combat
  3264 | D:4      | Found a hazy altar of Hepliaklqana.
  3334 | D:5      | Entered Level 5 of the Dungeon
  3402 | D:5      | Noticed Ijyb
  3409 | D:5      | Killed Ijyb
  3530 | D:5      | Found a shimmering altar of Xom.
  3558 | D:5      | Noticed Blork the orc
  3567 | D:5      | Killed Blork the orc
  3587 | D:5      | Found an ornate altar of the Wu Jian Council.
  3742 | D:5      | Noticed Menkaure
  3746 | D:5      | Killed Menkaure
  3746 | D:5      | Reached skill level 7 in Unarmed Combat
  3746 | D:5      | Reached XP level 8. HP: 79/79 MP: 7/7
  4035 | D:5      | Found an opulent altar of Gozag.
  4096 | D:5      | Noticed Edmund
  4111 | D:5      | Killed Edmund
  4843 | D:6      | Found Puaj's Weapon Boutique.
  4970 | D:6      | Reached skill level 1 in Maces & Flails
  5567 | D:7      | Reached skill level 8 in Unarmed Combat
  5573 | D:7      | Found a bloodstained altar of Trog.
  5614 | D:7      | Reached skill level 5 in Fighting
  5614 | D:7      | Reached skill level 5 in Dodging
  5624 | D:7      | Noticed Joseph
  5638 | D:7      | Killed Joseph
  5638 | D:7      | Reached XP level 9. HP: 88/88 MP: 8/8
  5721 | D:7      | You fall through a shaft for 3 floors!
  5721 | D:10     | Entered Level 10 of the Dungeon
  5852 | D:9      | Noticed Maurice
  5869 | D:9      | Killed Maurice
  5869 | D:9      | Reached skill level 9 in Unarmed Combat
  5938 | D:9      | Noticed a two-headed ogre
  6548 | D:9      | Killed a two-headed ogre
  6548 | D:9      | Reached skill level 10 in Unarmed Combat
  6548 | D:9      | Reached XP level 10. HP: 42/98 MP: 9/9
  6553 | D:9      | Reached **** piety under Trog
  6660 | D:9      | Found a staircase to the Orcish Mines.
  6782 | D:9      | Found an ancient bone altar of Kikubaaqudgha.
  7189 | D:7      | Found a shattered altar of Ashenzari.
  7189 | D:7      | Found an opulent altar of Gozag.
  7243 | D:8      | Noticed Pikel
  7252 | D:8      | Killed Pikel
  7252 | D:8      | Reached skill level 5 in Maces & Flails
  7307 | D:7      | Noticed Dowan
  7338 | D:7      | Noticed Duvessa
  7344 | D:7      | Killed Duvessa
  7348 | D:7      | Killed Dowan
  7352 | D:7      | Reached skill level 11 in Unarmed Combat
  7734 | D:7      | Found a staircase to the Ecumenical Temple.
  7833 | D:7      | Found a burning altar of Makhleb.
  7835 | D:7      | Reached ***** piety under Trog
  8044 | Temple   | Entered the Ecumenical Temple
  8342 | D:8      | Found a glowing golden altar of the Shining One.
  8932 | D:9      | Noticed Grum
  8943 | D:9      | Killed Grum
  8944 | D:9      | Reached XP level 11. HP: 92/107 MP: 10/10
  9608 | D:11     | Noticed a two-headed ogre
  9618 | D:11     | Killed a two-headed ogre
  9985 | D:11     | Found a staircase to the Lair.
 10122 | D:11     | Reached skill level 12 in Unarmed Combat
 10767 | Lair:1   | Entered Level 1 of the Lair of Beasts
 10768 | Lair:1   | Upgraded the game from 0.24-a0-201-gf205589 to
                  | 0.24-a0-235-g3f03afc
 11055 | Lair:1   | Noticed a six-headed hydra
 11094 | D:11     | Reached skill level 1 in Armour
 11126 | Lair:1   | HP: 4/110 [six-headed hydra (12)]
 11127 | Lair:1   | Mangled by a six-headed hydra

Levels and vault maps discovered:
D:1:      scummos_arrival_gate, layout_basic, minmay_vboxes
D:2:      layout_basic, uniq_robin, uniq_crazy_yiuf_cottage, uniq_sigmund
D:3:      layout_basic, nicolae_overflow_crystal_walls, tso_oasis_becter,
          grunt_temple_overflow_open, kennysheep_orc_chapel
D:4:      layout_loops_ring, lemuel_coloured_pillars_altar, first_ration
D:5:      layout_basic, xom_butterflies, lemuel_crystal_altar,
          nicolae_gozag_seed_capital, uniq_edmund, uniq_ijyb,
          uniq_blork_the_orc, uniq_menkaure
D:6:      minmay_diamond_boxcup, layout_rooms, serial_shops, nicolae_shop_trees,
          chequers_serial_rivers_large_a, lemuel_flame_loot_1
D:7:      layout_loops_ring, makhleb_blood_cavern_becter,
          nicolae_overflow_hidden_temple, temple_doors_e, basic_altar,
          hangedman_decor_clover_reticule, uniq_joseph, uniq_duvessa
D:8:      layout_loops_corners, nicolae_tso_besieged_by_evil, uniq_pikel
D:9:      layout_cave_pools, lemuel_mausoleum_altar_kikubaaqudgha,
          david_orc_1_choice, kennysheep_generic_room_7, uniq_maurice, uniq_grum
D:10:     layout_loops_ring, grunt_pizzeria
D:11:     layout_gridville, grunt_lair_entry_orc_guard_hut, kennysheep_potato
Temple:   kb_temple_of_zot
Lair:1:   layout_regular_city, gammafunk_ghost_icy

Skill      XL: |  1  2  3  4  5  6  7  8  9 10 11 |
---------------+----------------------------------+-----
Fighting       | 3 4 5 6 7 |  7.7
Dodging        | 3 4 5 6 7 |  7.7
Unarmed Combat | 5 7 8 10 11 12 | 12.4
Polearms       | 1 2 |  2.8
Maces & Flails | 2 4 5 6 |  6.8
Armour         | 1 |  1.0

Action                   |  1- 3 |  4- 6 |  7- 9 | 10-12 || total
-------------------------+-------+-------+-------+-------++-------
Melee: Unarmed           |    73 |   139 |   256 |   418 ||   886
       Punch             |     2 |     3 |    11 |    23 ||    39
       Flail             |       |       |       |     2 ||     2
Invok: Berserk           |       |     2 |     9 |     6 ||    17
       Trog's Hand       |       |       |     8 |     6 ||    14
  Use: Scroll            |     3 |     7 |    11 |     1 ||    22
 Stab: Sleeping          |       |       |     1 |       ||     1
  Eat: Chunk             |    15 |    19 |    38 |    55 ||   127
       Ration            |       |       |     1 |       ||     1
Armor: Animal skin       |    21 |    42 |    48 |    17 ||   128
       Robe              |       |       |       |    62 ||    62
Dodge: Dodged            |    61 |    85 |   159 |   259 ||   564

Table legend:
 A = Non-vault XP
 B = Vault XP
 C = Vault XP percentage of total XP
 D = Non-vault monster count
 E = Vault monster count
 F = Vault count percentage of total count
                 A         B        C        D         E       F
            +---------+---------+-------+---------+---------+-------
      Total |   14233 |    5884 |  29.2 |     206 |      87 |  29.7
            +---------+---------+-------+---------+---------+-------
        D:1 |       9 |       7 |  43.8 |       8 |       3 |  27.3
        D:2 |      46 |     275 |  85.7 |      14 |      13 |  48.1
        D:3 |     107 |      93 |  46.5 |      24 |       5 |  17.2
        D:4 |     338 |       0 |   0.0 |      14 |       0 |   0.0
        D:5 |     508 |     474 |  48.3 |      20 |       4 |  16.7
        D:6 |     285 |     122 |  30.0 |      12 |       6 |  33.3
        D:7 |     954 |     846 |  47.0 |      24 |       5 |  17.2
        D:8 |     506 |     641 |  55.9 |      14 |      14 |  50.0
        D:9 |    2851 |    2167 |  43.2 |      28 |      27 |  49.1
       D:10 |    1732 |     185 |   9.7 |      13 |       1 |   7.1
       D:11 |    4649 |    1074 |  18.8 |      24 |       9 |  27.3
     Lair:1 |    2248 |       0 |   0.0 |      11 |       0 |   0.0
            +---------+---------+-------+---------+---------+-------
